 Dungeon Crawl Stone Soup version 0.31.0 (webtiles) character file.

Game seed: 385523601990053935

1460 Gingerlord the Shield-Bearer (level 8, -7/67 HPs)
             Began as a Gnoll Fighter on Jan 19, 2024.
             Was a Believer of Okawaru.
             Shot with an arrow by a centaur (13 damage)
             ... on level 6 of the Dungeon.
             The game lasted 00:13:28 (5053 turns).

Gingerlord the Shield-Bearer (Gnoll Fighter)        Turns: 5053, Time: 00:13:29

Health: -7/67      AC: 13    Str: 15    XL:     8   Next: 76%
Magic:  13/13      EV:  8    Int:  7    God:    Okawaru [**....]
Gold:   456        SH:  6    Dex: 15    Spells: 14/14 levels left

rFire   + + .        a - +0 long sword (heavy)
rCold   . . .        c - +0 buckler
rNeg    . . .        u - +1 chain mail {rF+}
rPois   .            k - +0 helmet
rElec   .            (no cloak)
rCorr   .            (no gloves)
SInv    .            (no boots)
Will    .....        q - amulet of faith Stlth
                     l - ring of flight
HPRegen 0.31/turn    v - ring of protection from fire
MPRegen 0.13/turn

%: faith
@: flying
A: fangs 1, strong nose, distributed training
a: Renounce Religion, Heroism


You were on level 6 of the Dungeon.
You worshipped Okawaru.
Okawaru was pleased with you.
You visited 2 branches of the dungeon, and saw 7 of its levels.

You collected 544 gold pieces.
You spent 88 gold pieces at shops.

Inventory:

Hand Weapons
 a - a +0 heavy long sword (weapon)
 m - a +0 glaive
Armour
 c - a +0 buckler (worn)
 g - a +0 plate armour
 k - a +0 helmet (worn)
 u - a +1 chain mail of fire resistance (worn)
Jewellery
 l - a ring of flight (left hand)
 q - an amulet of faith (around neck)
 v - a ring of protection from fire (right hand)
Wands
 t - a wand of acid (6)
Scrolls
 e - a scroll of torment
 f - a scroll of identify
 h - 4 scrolls of teleportation
 j - a scroll of fear
 o - a scroll of amnesia
 w - a scroll of blinking {unknown}
Potions
 b - a potion of berserk rage {unknown}
 d - a potion of might
 i - a potion of degeneration {unknown}
 n - a potion of invisibility {unknown}
 p - a potion of enlightenment
 r - a potion of cancellation
 s - a potion of curing


   Skills:
 + Level 7.6 Fighting
 + Level 3.7 Short Blades
 + Level 5.9 Long Blades
 + Level 3.7 Axes
 + Level 3.7 Maces & Flails
 + Level 3.7 Polearms
 + Level 3.7 Staves
 + Level 3.7 Ranged Weapons
 + Level 3.7 Throwing
 + Level 7.6 Armour
 + Level 3.7 Dodging
 + Level 3.7 Stealth
 + Level 7.6 Shields
 + Level 3.7 Unarmed Combat
 + Level 3.7 Spellcasting
 + Level 3.0 Conjurations
 + Level 3.0 Hexes
 + Level 3.0 Summonings
 + Level 3.0 Necromancy
 + Level 3.0 Translocations
 + Level 3.0 Fire Magic
 + Level 3.0 Ice Magic
 + Level 3.0 Air Magic
 + Level 3.0 Earth Magic
 + Level 3.0 Alchemy
 + Level 4.0 Invocations
 + Level 3.7 Evocations
 + Level 3.3 Shapeshifting


You had 14 spell levels left.
You didn't know any spells.
Your spell library was empty.

Dungeon Overview and Level Annotations

Branches:
Dungeon (6/15)             Temple (1/1) D:4

Altars:
Ashenzari
Cheibriados
Elyvilon
Hepliaklqana
Kikubaaqudgha
Makhleb
Nemelex Xobeh
Okawaru
Sif Muna
Trog
Uskayaw
Wu Jian
Xom
Yredelemnul
Zin
The Shining One
Lugonu

Shops:
D:5 !


Innate Abilities, Weirdness & Mutations

You have very sharp teeth.
Your uncanny sense of smell can sniff out nearby items.
Your experience applies equally to all skills.


Message History

You see here a hound corpse.
The centaur shoots an arrow.
You block the arrow.
You hear a shout!
The centaur shoots an arrow.
The arrow closely misses you.
The centaur shoots an arrow.
You block the arrow.
You hear a shout!
The centaur shoots an arrow.
You block the arrow.
The centaur shoots an arrow.
The arrow hits you.
The centaur shoots an arrow.
The arrow closely misses you.
The centaur shoots an arrow.
The arrow hits you but does no damage.
The centaur shoots an arrow.
You block the arrow.
The centaur shoots an arrow.
You block the arrow.
The centaur shoots an arrow.
The arrow hits you.
You are electrocuted!
The centaur shoots an arrow.
The arrow hits you.
You are electrocuted!!
* * * LOW HITPOINT WARNING * * *
The centaur shoots an arrow.
You block the arrow.
The centaur shoots an arrow.
You block the arrow.
The centaur shoots an arrow.
The arrow hits you.
* * * LOW HITPOINT WARNING * * *
The centaur unwields a +0 shortbow of electrocution.
It stops crackling.
The centaur closely misses you. The centaur barely misses you.
An orc priest comes into view. It is wielding a +0 whip.
You block the centaur's attack. x2
You feel better. You block the centaur's attack. x2
You slash the centaur!
The centaur is severely wounded.
The centaur hits you but does no damage.
The centaur kicks you.
* * * LOW HITPOINT WARNING * * *
An orc comes into view. It is wielding a +1 dagger of venom.
You block the centaur's attack. The centaur kicks you.
* * * LOW HITPOINT WARNING * * *
The centaur barely misses you. x2; The orc moves out of view.
The centaur wields a +0 shortbow of electrocution.
You hear the crackle of electricity.
The centaur shoots an arrow.
The arrow hits you.
* * * LOW HITPOINT WARNING * * *
You are electrocuted!
You die...

.##..... #.###.####.... .
...... #.#....[.......
..#.########...>........##.
.................####....
..#)########.#.### ..#
.....### #....o#
..._...#####.#o#
._..._..####.#c######
................@...#
_..8.........######.#
........####.# .# ._..._..#
#.# ## ..._....# #.# ∆
......... ..# ........##
... ##......# #.#


You could see a centaur.

Vanquished Creatures
  Sigmund (D:5)
  2 water moccasins (D:5)
  A black bear (D:4)
  2 ogres
  A centaur (D:5)
  A bullfrog (D:3)
  A scorpion (D:4)
  A howler monkey (D:4)
  3 bombardier beetles
  3 hounds
  A jelly (D:5)
  Ijyb (D:5)
  3 iguanas (D:5)
  An orc wizard (D:4)
  6 gnolls
  7 adders
  A shadow imp (D:5)
  3 dart slugs
  A ribbon worm (D:2)
  9 orcs
  8 ball pythons
  10 bats
  5 endoplasms
  3 giant cockroaches
  11 goblins
  7 hobgoblins
  4 jackals (D:1)
  3 kobolds
  2 quokkas
  2 frilled lizards
  5 rats
109 creatures vanquished.

Notes
Turn   | Place    | Note
-------+----------+-------------------------------------------
     0 | D:1      | Gingerlord the Gnoll Fighter began the quest for the Orb.
     0 | D:1      | Reached XP level 1. HP: 23/23 MP: 1/1
    78 | D:1      | Reached XP level 2. HP: 24/29 MP: 2/2
   130 | D:1      | Reached XP level 3. HP: 32/35 MP: 3/3
   261 | D:1      | Reached skill level 1 in Invocations
   604 | D:1      | Reached skill level 1 in Short Blades
   604 | D:1      | Reached skill level 1 in Axes
   604 | D:1      | Reached skill level 1 in Maces & Flails
   604 | D:1      | Reached skill level 1 in Polearms
   604 | D:1      | Reached skill level 1 in Staves
   604 | D:1      | Reached skill level 1 in Ranged Weapons
   604 | D:1      | Reached skill level 1 in Throwing
   604 | D:1      | Reached skill level 1 in Dodging
   604 | D:1      | Reached skill level 1 in Stealth
   604 | D:1      | Reached skill level 1 in Unarmed Combat
   604 | D:1      | Reached skill level 1 in Spellcasting
   604 | D:1      | Reached skill level 1 in Evocations
   774 | D:2      | Reached skill level 1 in Shapeshifting
   774 | D:2      | Reached XP level 4. HP: 41/41 MP: 5/5
   982 | D:2      | Reached skill level 1 in Conjurations
   982 | D:2      | Reached skill level 1 in Hexes
   982 | D:2      | Reached skill level 1 in Summonings
   982 | D:2      | Reached skill level 1 in Necromancy
   982 | D:2      | Reached skill level 1 in Translocations
   982 | D:2      | Reached skill level 1 in Fire Magic
   982 | D:2      | Reached skill level 1 in Ice Magic
   982 | D:2      | Reached skill level 1 in Air Magic
   982 | D:2      | Reached skill level 1 in Earth Magic
   982 | D:2      | Reached skill level 1 in Alchemy
  1531 | D:3      | Noticed a bullfrog
  1765 | D:3      | Reached XP level 5. HP: 43/47 MP: 7/7
  2021 | D:3      | Identified a scroll of acquirement
  2123 | D:3      | Acquired 292 gold pieces
  2208 | D:4      | Reached XP level 6. HP: 53/53 MP: 8/8
  2259 | D:4      | Reached skill level 5 in Long Blades
  2306 | D:4      | Identified the +2 leather armour "Trusted Companion" {rF+}
  2462 | D:4      | Found a staircase to the Ecumenical Temple.
  2470 | Temple   | Entered the Ecumenical Temple
  2510 | Temple   | Became a worshipper of Warmaster Okawaru
  2620 | D:4      | Noticed a black bear
  2632 | D:4      | Killed a black bear
  3140 | D:4      | Reached * piety under Okawaru
  3141 | D:4      | Reached XP level 7. HP: 56/60 MP: 10/10
  3186 | D:4      | Found a white marble altar of Elyvilon.
  3773 | D:5      | Entered Level 5 of the Dungeon
  3776 | D:5      | Noticed Ijyb
  3782 | D:5      | Killed Ijyb
  3920 | D:5      | Reached XP level 8. HP: 67/67 MP: 12/12
  4064 | D:5      | Reached ** piety under Okawaru
  4360 | D:5      | Found a snail-covered altar of Cheibriados.
  4361 | D:5      | Noticed Sigmund
  4379 | D:5      | Killed Sigmund
  4586 | D:5      | Found Gyrcheut's Distillery.
  4593 | D:5      | Bought a potion of curing for 33 gold pieces
  4593 | D:5      | Bought a potion of enlightenment for 55 gold pieces
  4955 | D:6      | Found a basalt altar of Yredelemnul.
  4976 | D:6      | Found a hazy altar of Hepliaklqana.
  4976 | D:6      | Found a bloodstained altar of Trog.
  4978 | D:6      | Found a broken altar of Ashenzari.
  4979 | D:6      | Found a glowing golden altar of the Shining One.
  4979 | D:6      | Found a glowing silver altar of Zin.
  4982 | D:6      | Found a sparkling altar of Nemelex Xobeh.
  4983 | D:6      | Found a shimmering blue altar of Sif Muna.
  5053 | D:6      | Shot with an arrow by a centaur

Illustrated notes

Levels and vault maps discovered:
D:1:      zelgadis_glass_arrival_small, layout_basic, minmay_indecisive_spiral
D:2:      layout_basic
D:3:      layout_basic, minmay_misc_feat_iff, minmay_misc_feat_doors
D:4:      layout_loops_corners, elyvilon_altar_5,
          minmay_temple_entry_glassed_door
D:5:      layout_loops_ring, mainiacjoe_overflow_brackets, serial_shops, shop,
          kennysheep_small_square, uniq_ijyb, uniq_sigmund
D:6:      layout_basic, grunt_temple_overflow_open, old_standard_altar,
          nicolae_gozag_seed_capital, grunt_dithmenos_shadows
Temple:   corrupted_temple

Skill      XL: |  1  2  3  4  5  6  7  8 |
---------------+-------------------------+-----
Invocations    | 1 2 3 4 |  4.0
Short Blades   | 1 2 3 |  3.7
Axes           | 1 2 3 |  3.7
Maces & Flails | 1 2 3 |  3.7
Polearms       | 1 2 3 |  3.7
Staves         | 1 2 3 |  3.7
Ranged Weapons | 1 2 3 |  3.7
Throwing       | 1 2 3 |  3.7
Dodging        | 1 2 3 |  3.7
Stealth        | 1 2 3 |  3.7
Unarmed Combat | 1 2 3 |  3.7
Spellcasting   | 1 2 3 |  3.7
Evocations     | 1 2 3 |  3.7
Shapeshifting  | 1 2 3 |  3.3
Conjurations   | 1 2 3 |  3.0
Hexes          | 1 2 3 |  3.0
Summonings     | 1 2 3 |  3.0
Necromancy     | 1 2 3 |  3.0
Translocations | 1 2 3 |  3.0
Fire Magic     | 1 2 3 |  3.0
Ice Magic      | 1 2 3 |  3.0
Air Magic      | 1 2 3 |  3.0
Earth Magic    | 1 2 3 |  3.0
Alchemy        | 1 2 3 |  3.0
Long Blades    | 5 |  5.9
Fighting       | 7 |  7.6
Armour         | 7 |  7.6
Shields        | 7 |  7.6

Action                     |  1- 3 |  4- 6 |  7- 9 || total
---------------------------+-------+-------+-------++-------
  Melee: Long sword        |    90 |   157 |   126 ||   373
         Bite              |     4 |    11 |    14 ||    29
 Invoke: Heroism           |       |       |     2 ||     2
    Use: Scroll            |       |     7 |     3 ||    10
         Potion            |       |       |     3 ||     3
 Armour: Chain mail        |    42 |       |   101 ||   143
         Scale mail        |     1 |       |       ||     1
         Plate armour      |    28 |   148 |    53 ||   229
  Dodge: Dodged            |    38 |    29 |    56 ||   123
  Block: Buckler           |    25 |    48 |    54 ||   127
